 Dungeon Crawl Stone Soup version 0.23.2-33-g5129a83184 (webtiles) character file.

Game seed: 15499103648574696994

2188 Derp the Covered (level 9, 0/100 HPs)
             Began as a Demonspawn Gladiator on July 21, 2019.
             Was a Follower of Makhleb.
             Succumbed to a killer bee's poison
             ... on level 7 of the Dungeon on July 22, 2019.
             The game lasted 00:21:27 (7964 turns).

Derp the Covered (Demonspawn Gladiator)             Turns: 7964, Time: 00:21:29

Health: 0/100      AC: 16    Str: 22    XL:     9   Next: 12%
Magic:  0/9        EV: 10    Int: 13    God:    Makhleb [*.....]
Gold:   349        SH:  0    Dex: 15    Spells: 8/8 levels left

rFire    . . .     SeeInvis .   v - +6 club
rCold    . . .     Gourm    .   (no shield)
rNeg     . . .     Faith    .   o - +0 chain mail
rPois    .         Spirit   +   (helmet restricted)
rElec    .         Reflect  .   m - scarf {repulsion}
rCorr    .         Harm     .   (no gloves)
MR       .....                  (no boots)
Stlth    ..........             (no amulet)
HPRegen  0.26/turn              i - +3 ring of intelligence
MPRegen  0.11/turn              (no ring)

@: berserking, lethally poisoned (0 -> -16), sanguine armour, very slightly
contaminated, repel missiles, very quick
A: antennae 1, powered by pain 1, magic shield, sanguine armour 1
a: Renounce Religion


You were on level 7 of the Dungeon.
You worshipped Makhleb.
Makhleb was aware of your devotion.
You were not hungry.

You visited 2 branches of the dungeon, and saw 8 of its levels.

You collected 349 gold pieces.

Inventory:

Hand Weapons
 a - a +1 war axe
 s - a +2 scythe of flaming
 v - a +6 club (weapon)
Missiles
 d - 3 throwing nets (quivered)
Armour
 b - a +0 leather armour
 c - a +1 helmet
 m - a scarf of repulsion (worn)
 o - a +0 chain mail (worn)
Jewellery
 i - a +3 ring of intelligence (left hand)
 z - a cursed -2 ring of dexterity {unknown}
 A - an uncursed ring of fire {unknown}
Wands
 q - a wand of acid (10)
 u - a wand of digging (4)
Scrolls
 e - a scroll of teleportation
 h - 2 scrolls of enchant weapon
 k - 7 scrolls of identify
 l - 3 scrolls of remove curse
 r - 3 scrolls of magic mapping
 t - a scroll of noise {unknown}
 w - a scroll of amnesia {unknown}
 y - a scroll of fog {unknown}
Potions
 j - a potion of berserk rage
 n - a potion of agility {unknown}
 p - a potion of degeneration {unknown}
 x - a potion of flight {unknown}
Comestibles
 f - 10 rations


   Skills:
 + Level 4.9 Fighting
 + Level 5.0(6.4) Axes
 + Level 4.5(5.6) Maces & Flails
 + Level 3.7(5.0) Polearms
 + Level 1.9 Throwing
 + Level 6.0 Armour
 + Level 4.0 Dodging
 + Level 0.4 Stealth


You had 8 spell levels left.
You didn't know any spells.
Your spell library was empty.

Dungeon Overview and Level Annotations

Branches:
Dungeon (7/15)             Temple (1/1) D:6

Altars:
Ashenzari
Cheibriados
Dithmenos
Elyvilon
Fedhas
Gozag
Hepliaklqana
Kikubaaqudgha
Makhleb
Nemelex Xobeh
Okawaru
Qazlal
Ru
Sif Muna
Uskayaw
Vehumet
Wu Jian
Xom
Yredelemnul
Zin
The Shining One
Beogh

Annotations:
D:5 3 runed translucent doors, Zanta616's ghost, amateur CeHu


Innate Abilities, Weirdness & Mutations

You have a pair of small antennae on your head.
You sometimes gain a little power by taking damage.
When hurt, damage is shared between your health and your magic reserves.
When seriously injured, your bleeding wounds create armour. (AC +6)


Message History

* * * LOW HITPOINT WARNING * * *
You miss the killer bee.
The killer bee is severely wounded.
* * * LOW HITPOINT WARNING * * *
You feel sick. The killer bee stings you.
* * * LOW HITPOINT WARNING * * *
Your chain mail prevents you from hitting the killer bee.
The killer bee is lightly wounded.
* * * LOW HITPOINT WARNING * * *
You feel sick.
The killer bee stings you but does no damage.
The killer bee stings you.
* * * LOW HITPOINT WARNING * * *
The killer bee stings you.
You thump the killer bee!
You kill the killer bee!
Makhleb accepts your kill.
Your Armour skill increases to level 6!
Your surroundings suddenly seem different.
You die...

##+# #
#..###..#
#........
#@.......
#...##.F#
#...#
......
.......
#########


You could see a bullfrog (sleeping).

Vanquished Creatures
  Grinder (D:3)
  Sigmund (D:2)
  An ice beast (D:5)
  2 ogres
  A centaur (D:6)
  A big kobold (D:4)
  3 bullfrogs (D:6)
  2 scorpions (D:4)
  A killer bee (D:7)
  2 howler monkeys
  An electric eel (D:7)
  2 crimson imps (D:5)
  A bullfrog zombie (D:5)
  A hound (D:5)
  2 orc wizards (D:6)
  Crazy Yiuf (D:6)
  4 orc priests
  A centaur skeleton (D:5)
  Jessica (D:2)
  Ijyb (D:3)
  Natasha (thrice) (D:2)
  10 worker ants
  A hound zombie (D:6)
  A worker ant zombie (D:6)
  14 adders
  4 worms
  2 dart slugs
  3 leopard geckos
  12 orcs
  6 bats
  7 giant cockroaches
  5 goblins
  10 hobgoblins
  11 jackals
  10 kobolds
  2 quokkas
  A ball python (D:2)
  3 frilled lizards
  8 rats
143 creatures vanquished.

Notes
Turn   | Place    | Note
-------+----------+-------------------------------------------
     0 | D:1      | Derp the Demonspawn Gladiator began the quest for the Orb.
     0 | D:1      | Reached XP level 1. HP: 16/16 MP: 1/1
   262 | D:1      | Gained mutation: When seriously injured, your bleeding
                  | wounds create armour. (AC +6) [demonic ancestry]
   262 | D:1      | Reached XP level 2. HP: 22/22 MP: 2/2
   703 | D:2      | Noticed Jessica
   722 | D:2      | Gained mutation: You sometimes gain a little power by
                  | taking damage. [demonic ancestry]
   722 | D:2      | Reached XP level 3. HP: 7/27 MP: 3/3
   728 | D:2      | Killed Jessica
   739 | D:2      | Reached XP level 4. HP: 12/33 MP: 4/4
   780 | D:2      | Noticed Natasha
   788 | D:2      | Killed Natasha
  1051 | D:2      | Found a glowing golden altar of the Shining One.
  1269 | D:2      | Found a white marble altar of Elyvilon.
  1270 | D:2      | Found an ancient bone altar of Kikubaaqudgha.
  1385 | D:2      | Reached skill level 1 in Armour
  1670 | D:2      | Noticed Natasha
  1687 | D:2      | Killed Natasha
  1687 | D:2      | Reached XP level 5. HP: 4/39 MP: 5/5
  1693 | D:2      | Noticed Natasha
  1950 | D:2      | Killed Natasha
  2210 | D:2      | Noticed Sigmund
  2223 | D:2      | Killed Sigmund
  2223 | D:2      | Reached skill level 5 in Axes
  2223 | D:2      | Reached skill level 2 in Armour
  2223 | D:2      | Reached XP level 6. HP: 41/46 MP: 6/6
  3074 | D:3      | Noticed Ijyb
  3080 | D:3      | Killed Ijyb
  3080 | D:3      | Reached skill level 1 in Polearms
  3106 | D:3      | Noticed Grinder
  3138 | D:3      | Killed Grinder
  3138 | D:3      | Reached skill level 3 in Armour
  3138 | D:3      | Gained mutation: When hurt, damage is shared between your
                  | health and your magic reserves. [demonic ancestry]
  3138 | D:3      | Reached XP level 7. HP: 24/52 MP: 7/7
  3544 | D:4      | Reached skill level 1 in Maces & Flails
  3791 | D:4      | Reached skill level 4 in Armour
  4081 | D:3      | Gained mutation: You have a pair of small antennae on your
                  | head. [demonic ancestry]
  4081 | D:3      | Reached XP level 8. HP: 28/58 MP: 4/8
  4380 | D:5      | Entered Level 5 of the Dungeon
  4775 | D:5      | Found a runed translucent gate.
  4775 | D:5      | Noticed Zanta616's ghost (amateur CeHu)
  4775 | D:5      | Identified the +8 hand axe "Dociq" {flame, rElec rF+ MR-
                  | Int+10}
  4775 | D:5      | Identified the +2 ring mail of the Vaults {Regen+ Dex+3}
  4777 | D:5      | Found a runed translucent gate.
  4777 | D:5      | Identified the cursed +2 great mace of the Lurker {crush,
                  | +Inv rF- Str+3 Int+5}
  4777 | D:5      | Identified the +10 plate armour of Serendipity {Dex+6}
  4778 | D:5      | Found a runed translucent gate.
  5032 | D:5      | Reached skill level 5 in Armour
  5113 | D:5      | Found a shadowy altar of Dithmenos.
  5436 | D:5      | Found a roughly hewn altar of Beogh.
  5765 | D:6      | Found a staircase to the Ecumenical Temple.
  5794 | Temple   | Entered the Ecumenical Temple
  5865 | Temple   | Became a worshipper of Makhleb the Destroyer
  6146 | D:6      | Identified the +1 leather armour of Free Will {rPois rF+
                  | MR+ Int+4}
  6176 | D:6      | HP: 3/60 [orc priest/divine providence (10)]
  6823 | D:6      | Reached XP level 9. HP: 20/66 MP: 9/9
  7185 | D:6      | Found a runed translucent door.
  7186 | D:6      | Noticed Crazy Yiuf
  7475 | D:6      | Reached * piety under Makhleb
  7855 | D:6      | Killed Crazy Yiuf
  7962 | D:7      | HP: 5/100 [killer bee (1)]
  7963 | D:7      | HP: 2/100 [killer bee (2)]
  7964 | D:7      | Reached skill level 6 in Armour
  7964 | D:7      | Succumbed to a killer bee's poison

Skill      XL: |  1  2  3  4  5  6  7  8  9 |
---------------+----------------------------+-----
Dodging        | 3 4 |  4.0
Axes           | 3 4 5 |  5.0
Armour         | 1 2 3 4 5 6 |  6.0
Polearms       | 2 3 |  3.7
Fighting       | 3 4 |  4.9
Maces & Flails | 1 4 |  4.5
Throwing       | |  1.9
Stealth        | |  0.4

Action                   |  1- 3 |  4- 6 |  7- 9 || total
-------------------------+-------+-------+-------++-------
Melee: War axe           |    84 |    81 |       ||   165
       Scythe            |       |    96 |       ||    96
       Club              |       |    20 |   371 ||   391
  Use: Potion            |     2 |       |     2 ||     4
       Scroll            |       |     6 |     2 ||     8
  Eat: Chunk             |       |     4 |     4 ||     8
       Ration            |       |     1 |     4 ||     5
Armor: Leather armour    |    24 |       |       ||    24
       Chain mail        |    67 |   175 |   226 ||   468
Dodge: Dodged            |    76 |   114 |   239 ||   429
       Deflected         |       |     2 |     2 ||     4
